AoeStats
← Davy Jones

Arena

509449173Analyzed
2v2 RM · 7d ago on Sep 26, 2026· 72m 46s· 4 players
Game mode
Random Map
Map size
Medium (4 player)
Population
200
Speed
Normal
Resources
Standard
Victory
Conquest
Starting age
Dark Age
Ending age
Imperial Age
RankedLock teamsTeams togetherTeam positionsShared explorationLock speedFull tech treeHidden civsTurbo modeCheats
Victory
Defeat
🇸🇰 Khmer · Slovakia
799
+16
🇸🇰 Persians · Slovakia
771
+17
🇩🇪 Teutons · Germany
809
-19
🇷🇺 Slavs · Russia
776
-16
A V A N G A R D
5:15 Loom
12:33 Feudal Age
13:02 Double-Bit Axe
13:04 Horse Collar
15:06 Wheelbarrow
18:49 Castle Age
16:50 Stone Mining
16:56 Gold Mining
17:34 Town Watch
18:24 Man-at-Arms
19:41 Bow Saw
19:44 Heavy Plow
20:55 Gold Shaft Mining
22:48 Squires
25:08 Hand Cart
26:20 Pikeman
28:15 Long Swordsman
30:02 Forging
29:54 Scale Mail Armor
32:40 Imperial Age
30:49 Husbandry
34:13 Iron Casting
33:38 Scale Mail Armor
34:24 Caravan
34:08 Two-Handed Swordsman
36:25 Conscription
37:34 Two-Man Saw
37:33 Crop Rotation
37:59 Coinage
37:33 Town Patrol
37:10 Capped Ram
37:20 Halberdier
38:52 Chain Mail Armor
38:43 Scale Barding Armor
38:39 Padded Archer Armor
38:52 Detinets
38:58 Murder Holes
39:15 Masonry
40:45 Plate Mail Armor
41:40 Sanctity
40:50 Heavy Scorpion
42:54 Chemistry
44:09 Champion
46:03 Siege Ram
52:28 Siege Engineers
52:45 Ballistics
54:25 Druzhina
55:44 Blast Furnace
55:04 Chain Barding Armor
55:26 Cavalier
59:18 Fortified Wall
59:38 Onager
felix.bialonski
12:09 Feudal Age
13:23 Horse Collar
13:31 Double-Bit Axe
19:13 Castle Age
18:59 Scale Mail Armor
19:10 Forging
20:15 Heavy Plow
20:28 Bow Saw
20:36 Loom
21:26 Wheelbarrow
20:37 Town Watch
23:08 Stone Mining
25:23 Scale Barding Armor
26:48 Hand Cart
31:01 Stone Shaft Mining
30:17 Gold Mining
30:34 Padded Archer Armor
30:24 Fletching
31:10 Iron Casting
30:51 Chain Mail Armor
30:56 Chain Barding Armor
31:33 Ballistics
34:22 Imperial Age
31:55 Squires
34:00 Leather Archer Armor
33:40 Bodkin Arrow
33:28 Pikeman
35:13 Bloodlines
34:28 Capped Ram
34:38 Cavalier
36:28 Plate Barding Armor
37:37 Hoardings
37:32 Crenellations
42:38 Caravan
42:04 Paladin
42:06 Elite Teutonic Knight
43:08 Conscription
44:44 Ring Archer Armor
44:44 Plate Mail Armor
45:15 Blast Furnace
46:43 Halberdier
47:09 Arson
47:10 Gambesons
50:37 Masonry
50:33 Siege Engineers
52:23 Two-Man Saw
63:18 Guard Tower
63:39 Fortified Wall
66:37 Onager
68:13 Keep
67:24 Arrowslits
69:16 Siege Onager
Kosťo
0:38 Loom
10:48 Feudal Age
11:52 Double-Bit Axe
11:52 Horse Collar
12:58 Town Watch
13:49 Wheelbarrow
19:16 Castle Age
19:43 Heavy Plow
19:57 Bow Saw
21:24 Fervor
21:48 Gold Mining
22:21 Stone Mining
28:06 Stone Shaft Mining
28:11 Gold Shaft Mining
31:01 Imperial Age
28:45 Forging
28:41 Scale Barding Armor
29:11 Hand Cart
30:39 Iron Casting
30:13 Caravan
31:08 Chain Barding Armor
32:50 Two-Man Saw
32:23 Crop Rotation
33:26 Blast Furnace
33:31 Plate Barding Armor
34:03 Husbandry
35:06 Cavalier
35:59 Bloodlines
37:59 Chemistry
36:29 Savar
42:06 Heavy Camel Rider
45:02 Fletching
52:56 Conscription
65:47 Bodkin Arrow
Davy Jones
0:30 Loom
13:20 Feudal Age
14:37 Wheelbarrow
14:28 Horse Collar
14:36 Double-Bit Axe
17:03 Stone Mining
17:04 Gold Mining
22:21 Castle Age
24:03 Hand Cart
24:03 Bow Saw
23:57 Heavy Plow
24:35 Gold Shaft Mining
24:43 Stone Shaft Mining
28:03 Ballistics
27:40 Murder Holes
27:56 Fortified Wall
28:36 Town Watch
33:22 Imperial Age
34:54 Double Crossbow
35:04 Siege Engineers
34:42 Heavy Scorpion
37:05 Caravan
37:36 Coinage
38:44 Chemistry
38:42 Crop Rotation
45:44 Banking
57:59 Town Patrol
Connection lost

Rejoining the realm…

Still unreachable

The connection could not be restored.

Session expired

The server has moved on; the page needs a fresh start.